 Dungeon Crawl Stone Soup version 0.25-a0-661-g55ea3d2053 (webtiles) character file.

Game seed: 438132466205489311, levelgen mode: deterministic

1347 Laiders72 the Basher (level 8, 0/74 HPs)
             Began as a Minotaur Fighter on Mar 19, 2020.
             Was a Believer of Okawaru.
             Killed from afar by a steam dragon (22 damage)
             ... with a ball of steam
             ... on level 6 of the Dungeon on Mar 23, 2020.
             The game lasted 00:09:24 (3948 turns).

Laiders72 the Basher (Minotaur Fighter)             Turns: 3948, Time: 00:09:25

Health: 0/74       AC: 12    Str: 21    XL:     8   Next: 36%
Magic:  7/7        EV:  3    Int:  6    God:    Okawaru [**....]
Gold:   185        SH:  9    Dex: 11    Spells: 7/7 levels left

rFire    . . .     SeeInvis .   a - +0 flail
rCold    . . .     Gourm    .   c - +0 kite shield
rNeg     . . .     Faith    .   i - +0 plate armour
rPois    .         Spirit   .   (helmet restricted)
rElec    .         Reflect  .   (no cloak)
rCorr    .         Harm     .   b - +0 pair of gloves
MR       .....                  (no boots)
Stlth    ..........             (no amulet)
HPRegen  0.22/turn              (no ring)
MPRegen  0.10/turn              (no ring)

@: no status effects
A: retaliatory headbutt, horns 2
a: Heroism, Renounce Religion


You were on level 6 of the Dungeon.
You worshipped Okawaru.
Okawaru was pleased with you.
You were not hungry.

You visited 2 branches of the dungeon, and saw 7 of its levels.

You collected 185 gold pieces.

Inventory:

Hand Weapons
 a - a +0 flail (weapon)
Missiles
 p - 70 poisoned darts (quivered)
Armour
 b - a +0 pair of gloves (worn)
 c - a +0 kite shield (worn)
 i - a +0 plate armour (worn)
Wands
 d - a wand of polymorph (5)
 k - a wand of paralysis (10)
 t - a wand of flame (13)
 B - a wand of disintegration (20)
Scrolls
 g - 3 scrolls of remove curse {unknown}
 j - 2 scrolls of identify
 m - a scroll of immolation {unknown}
 n - 2 scrolls of magic mapping {unknown}
 o - 2 scrolls of fog {unknown}
 u - 2 scrolls of enchant armour {unknown}
 v - a scroll of fear {unknown}
 w - a scroll of amnesia {unknown}
 x - a scroll of blinking {unknown}
 y - 2 scrolls of enchant weapon {unknown}
 z - 2 scrolls of teleportation {unknown}
Potions
 e - 3 potions of curing
 h - 3 potions of haste {unknown}
 l - 2 potions of flight {unknown}
 q - a potion of heal wounds {unknown}
 r - a potion of mutation {unknown}
 s - a potion of invisibility {unknown}
 A - a potion of stabbing {unknown}
 D - 2 potions of magic {unknown}
 E - 2 potions of lignification {unknown}
Comestibles
 f - 13 rations


   Skills:
 + Level 8.0 Fighting
 * Level 10.2 Maces & Flails
 - Level 3.6 Armour
 - Level 3.6 Shields


You had 7 spell levels left.
You didn't know any spells.
Your spell library contained the following spells:

 Spells                   Type           Power        Failure   Level  Hunger
 Magic Dart               Conj           #...         100%        1    ##.....
 Blink                    Tloc           N/A          100%        2    ###....
 Call Imp                 Summ           #.......     100%        2    ###....
 Slow                     Hex            #.......     100%        2    ###....
 Conjure Flame            Conj/Fire      #.......     100%        3    ####...
 Mephitic Cloud           Conj/Pois/Air  #.......     100%        3    ####...


Dungeon Overview and Level Annotations

Branches:
Dungeon (6/15)             Temple (1/1) D:4

Altars:
Ashenzari
Cheibriados
Dithmenos
Elyvilon
Fedhas
Gozag
Hepliaklqana
Kikubaaqudgha
Makhleb
Nemelex Xobeh
Okawaru
Qazlal
Ru
Sif Muna
Uskayaw
Vehumet
Wu Jian
Yredelemnul
Zin
The Shining One

Annotations:
D:3 3 runed translucent doors, StormphoenixUK's ghost, amateur DsFi; TimmyIs's ghost, amateur OpTm; kae's ghost, amateur DsMo


Innate Abilities, Weirdness & Mutations

You reflexively headbutt those who attack you in melee.
You have a pair of horns on your head.


Message History

You closely miss the steam dragon.
The steam dragon is heavily wounded.
You are engulfed in a cloud of scalding steam.
The steam dragon breathes steam at you. The ball of steam hits you!
You block the steam dragon's attack. x2
You sock the steam dragon! You headbutt the steam dragon.
The steam dragon is almost dead.
The steam dragon breathes steam at you. The ball of steam hits you!
The steam dragon bites you but does no damage.
The steam dragon barely misses you.
You closely miss the steam dragon.
The steam dragon is almost dead.
You are engulfed in a cloud of scalding steam.
* * * LOW HITPOINT WARNING * * *
You block the steam dragon's attack.
The steam dragon claws you but does no damage.
The steam dragon breathes steam at you. The ball of steam hits you!!
You die...

.##.##.####..#..#.#
###.##.# ##......#
.....#####.#....######
...........#.#........
##########.#§.######
........#§§#
#########..# ##§≈.
#§§# #≈≈.§.#@.#
#≈§...DD§# #§....#.##
§§...#### ≈§### ≈


You could see 2 steam dragons.

Vanquished Creatures
  Grinder (D:6)
  A black bear (D:6)
  A sky beast (D:5)
  2 ogres
  A centaur (D:5)
  2 scorpions
  A howler monkey (D:5)
  2 centaur skeletons
  2 crimson imps (D:5)
  A hound (D:5)
  An orc wizard (D:5)
  2 orc priests
  An iguana (D:4)
  A bullfrog skeleton (D:6)
  A worker ant (D:5)
  8 gnolls
  9 adders
  A howler monkey skeleton (D:5)
  An ooze (D:6)
  An adder skeleton (D:4)
  An adder zombie (D:5)
  2 worms
  2 dart slugs
  2 leopard geckos
  19 orcs
  3 bats
  4 giant cockroaches
  5 hobgoblins
  2 jackals (D:6)
  4 kobolds
  A ball python (D:3)
  3 frilled lizards
  A giant cockroach zombie (D:5)
  4 goblins
  A jackal skeleton (D:4)
  4 rats
98 creatures vanquished.

Notes
Turn   | Place    | Note
-------+----------+-------------------------------------------
     0 | D:1      | Laiders72 the Minotaur Fighter began the quest for the Orb.
     0 | D:1      | Reached XP level 1. HP: 19/19 MP: 0/0
   481 | D:2      | Reached skill level 3 in Maces & Flails
   504 | D:2      | Reached XP level 2. HP: 25/27 MP: 1/1
   670 | D:2      | Upgraded the game from 0.25-a0-632-g7713895373 to
                  | 0.25-a0-661-g55ea3d2053
   681 | D:2      | Reached XP level 3. HP: 26/33 MP: 2/2
   924 | D:2      | Reached skill level 4 in Maces & Flails
   952 | D:2      | Reached XP level 4. HP: 41/41 MP: 3/3
  1015 | D:2      | Found a sacrificial altar of Ru.
  1298 | D:3      | Reached skill level 5 in Maces & Flails
  1342 | D:3      | Found a runed translucent gate.
  1342 | D:3      | Found a runed translucent gate.
  1343 | D:3      | Found a runed translucent gate.
  1349 | D:3      | Noticed StormphoenixUK's ghost (amateur DsFi)
  1349 | D:3      | Noticed kae's ghost (amateur DsMo)
  1349 | D:3      | Noticed TimmyIs's ghost (amateur OpTm)
  1733 | D:3      | Reached skill level 5 in Fighting
  1733 | D:3      | Reached XP level 5. HP: 39/48 MP: 4/4
  2039 | D:4      | Found a staircase to the Ecumenical Temple.
  2051 | Temple   | Entered the Ecumenical Temple
  2164 | Temple   | Became a worshipper of Warmaster Okawaru
  2261 | D:4      | Reached skill level 6 in Maces & Flails
  2294 | D:4      | Noticed an ogre
  2303 | D:4      | Killed an ogre
  2303 | D:4      | Reached XP level 6. HP: 25/56 MP: 5/5
  2639 | D:4      | Found a shattered altar of Ashenzari.
  2663 | D:4      | Found an ornate altar of the Wu Jian Council.
  2715 | D:4      | Reached skill level 7 in Maces & Flails
  2765 | D:4      | Reached * piety under Okawaru
  2827 | D:5      | Entered Level 5 of the Dungeon
  2887 | D:5      | Reached XP level 7. HP: 64/64 MP: 6/6
  2892 | D:5      | Reached skill level 8 in Maces & Flails
  3278 | D:5      | Reached skill level 9 in Maces & Flails
  3316 | D:5      | Reached ** piety under Okawaru
  3548 | D:6      | Reached XP level 8. HP: 73/73 MP: 7/7
  3770 | D:6      | Noticed Grinder
  3780 | D:6      | Killed Grinder
  3780 | D:6      | Reached skill level 10 in Maces & Flails
  3948 | D:6      | Killed from afar by a steam dragon

Levels and vault maps discovered:
D:1:      scummos_arrival_forest, layout_rooms
D:2:      layout_loops_ring, first_ration, nicolae_ru_path_of_blood
D:3:      layout_loops_cross, gammafunk_ghost_cemetery, st_stairs_10
D:4:      layout_cave_pools, nicolae_overflow_hidden_temple,
          minmay_temple_entry_overgrown, ashenzari_altar_1
D:5:      layout_rooms
D:6:      cheibrodos_steamvent, layout_basic, kennysheep_little_box,
          uniq_grinder, uniq_edmund, uniq_menkaure
Temple:   regret_index_temple_mists

Skill      XL: |  1  2  3  4  5  6  7  8 |
---------------+-------------------------+-----
Maces & Flails | 3 4 5 6 7 9 10 | 10.2
Fighting       | 4 5 6 7 8 |  8.0
Armour         | |  3.6
Shields        | |  3.6

Action                   |  1- 3 |  4- 6 |  7- 9 || total
-------------------------+-------+-------+-------++-------
Melee: Flail             |    69 |   156 |   104 ||   329
       Headbutt          |     8 |    27 |    21 ||    56
Invok: Heroism           |       |       |     1 ||     1
  Use: Scroll            |       |     1 |       ||     1
       Potion            |       |       |     1 ||     1
  Eat: Chunk             |       |     7 |     3 ||    10
Armor: Plate armour      |    38 |   114 |    72 ||   224
       Scale mail        |     6 |       |       ||     6
Dodge: Dodged            |    11 |    22 |    16 ||    49
Block: Kite shield       |    27 |    87 |    51 ||   165

Table legend:
 A = Non-vault XP
 B = Vault XP
 C = Vault XP percentage of total XP
 D = Non-vault monster count
 E = Vault monster count
 F = Vault count percentage of total count
                 A         B        C        D         E       F
            +---------+---------+-------+---------+---------+-------
      Total |    1639 |     286 |  14.9 |      94 |       4 |   4.1
            +---------+---------+-------+---------+---------+-------
        D:1 |       8 |       0 |   0.0 |       5 |       0 |   0.0
        D:2 |     106 |       0 |   0.0 |      16 |       0 |   0.0
        D:3 |     143 |       9 |   5.9 |      26 |       3 |  10.3
        D:4 |     344 |       0 |   0.0 |      20 |       0 |   0.0
        D:5 |     814 |       0 |   0.0 |      19 |       0 |   0.0
        D:6 |     224 |     277 |  55.3 |       8 |       1 |  11.1
            +---------+---------+-------+---------+---------+-------
